AoeStats
← HR nomadplayer

MegaRandom

507862435Analyzed
4v4 RM · 11d ago on Sep 20, 2026· 34m 49s· 8 players
Game mode
Random Map
Map size
Large (8 player)
Population
200
Speed
Normal
Resources
Standard
Victory
Conquest
Starting age
Dark Age
Ending age
Imperial Age
RankedLock teamsTeams togetherTeam positionsShared explorationLock speedFull tech treeHidden civsTurbo modeCheats
Victory
Defeat
🇨🇱 Bulgarians · Chile
1890
+9
🇨🇱 Hindustanis · Chile
1874
+9
🇨🇱 Vikings · Chile
1856
+10
🇨🇱 Muisca · Chile
1624
+19
🇺🇸 Slavs · United States
1883
-18
🇲🇽 Saracens · Mexico
1779
-14
🇧🇷 Poles · Brazil
1647
-9
🇳🇿 Bohemians · New Zealand
1557
-6
eL|Hooligan
0:30 Loom
12:28 Feudal Age
13:10 Double-Bit Axe
16:40 Castle Age
15:16 Horse Collar
15:27 Fishing Lines
17:29 Wheelbarrow
17:17 Gillnets
17:37 Medium Warships
18:06 Bow Saw
23:22 Hand Cart
25:36 Town Watch
27:18 Clinker Construction
27:14 Heavy Plow
31:49 Imperial Age
30:22 Scale Barding Armor
31:51 Fletching
31:43 Treadmill Crane
32:24 Ballistics
33:28 Conscription
33:20 Bimaristan
Mo_Tastic
0:34 Loom
10:03 Feudal Age
10:28 Double-Bit Axe
14:30 Fletching
15:49 Horse Collar
22:12 Castle Age
21:08 Gold Mining
22:51 Bodkin Arrow
23:07 Medium Warships
22:41 Fishing Lines
23:13 Bow Saw
24:42 Ballistics
25:08 Careening
28:17 Heavy Plow
34:19 Imperial Age
33:11 Wheelbarrow
mmmbokchoi
0:33 Loom
10:32 Feudal Age
15:23 Castle Age
13:24 Fishing Lines
13:36 Double-Bit Axe
15:07 Fishing Lines
17:02 Bow Saw
19:02 Gillnets
22:49 Medium Warships
24:25 Wheelbarrow
25:39 Hand Cart
26:21 Careening
26:21 Town Watch
27:32 Clinker Construction
27:23 Horse Collar
28:04 Siphons
28:59 Heavy Plow
29:29 Fervor
32:27 Imperial Age
30:01 Fletching
31:23 Ballistics
32:06 Chemistry
31:31 Bodkin Arrow
31:49 Masonry
31:20 Treadmill Crane
Ruchit.Alove
8:17 Loom
10:38 Feudal Age
11:31 Double-Bit Axe
17:15 Horse Collar
17:39 Fishing Lines
21:34 Castle Age
22:28 Medium Warships
22:25 Gillnets
28:47 Imperial Age
26:22 Gold Mining
27:33 Bow Saw
29:57 Heavy Warships
34:04 Stone Mining
HR AboKeiTo
0:31 Loom
10:17 Feudal Age
10:51 Double-Bit Axe
17:49 Fletching
20:47 Castle Age
20:03 Gold Mining
21:50 Medium Warships
21:51 Bow Saw
21:39 Bodkin Arrow
26:55 Horse Collar
34:47 Imperial Age
32:48 Forging
HR Whitecourt
0:29 Loom
12:22 Feudal Age
15:58 Castle Age
13:44 Double-Bit Axe
14:34 Fishing Lines
16:55 Bow Saw
16:41 Gillnets
25:15 Wheelbarrow
29:06 Imperial Age
27:52 Hand Cart
27:22 Town Watch
28:26 Demolition Ship
28:58 Fletching
29:19 Medium Warships
30:25 Heavy Warships
30:00 Bodkin Arrow
30:44 Scale Barding Armor
29:59 Elite Konnik
31:35 Chain Barding Armor
31:59 Bloodlines
31:50 Husbandry
32:25 Plate Barding Armor
32:15 Town Patrol
33:00 Bracer
34:01 Chemistry
33:00 Gold Mining
33:00 Stone Mining
32:56 Horse Collar
33:55 Heavy Plow
34:25 Forging
34:14 Stirrups
34:39 Conscription
35:26 Iron Casting
HR | Darkjosh89
0:29 Loom
12:15 Feudal Age
16:10 Castle Age
14:37 Fletching
16:58 Bodkin Arrow
20:12 Medium Warships
22:33 Horse Collar
23:51 Ballistics
24:39 Double-Bit Axe
29:09 Bow Saw
35:10 Wheelbarrow
HR nomadplayer
6:30 Loom
10:32 Feudal Age
15:40 Castle Age
15:21 Horse Collar
15:27 Double-Bit Axe
16:55 Bow Saw
20:20 Medium Warships
20:59 Heavy Plow
23:02 Wheelbarrow
24:55 Hand Cart
29:29 Imperial Age
27:28 Gold Mining
27:52 Medium Warships
27:57 Careening
28:00 Clinker Construction
30:38 Heavy Warships
30:03 Fletching
30:41 Conscription
31:11 Ballistics
30:47 Bodkin Arrow
31:53 Chemistry
31:39 Bracer
31:06 Demolition Ship
32:10 Carvel Hull
32:29 Husbandry
32:39 Bloodlines
32:39 Scale Barding Armor
32:44 Forging
Connection lost

Rejoining the realm…

Still unreachable

The connection could not be restored.

Session expired

The server has moved on; the page needs a fresh start.